[Event "Late-Titled-Tuesday-Blitz-June-04-2024"]
[Site "Chess.com"]
[Date "2024.06.04"]
[Round "7"]
[White "ChessLebaneseSalah"]
[Black "RealPerangel"]
[Result "0-1"]
[WhiteElo "2586"]
[BlackElo "2750"]
[TimeControl "180+1"]
[EndTime "15:12:40 PDT"]
[Termination "RealPerangel won by resignation"]

1. e4 d5 2. exd5 Qxd5 3. Nf3 Bg4 4. Be2 Nc6 5. h3 Bxf3 6. Bxf3 Qe6+ 7. Qe2 Qxe2+ 8. Bxe2 O-O-O 9. d3 e5 10. c3 f5 11.
Nd2 Nf6 12. b4 Nd5 13. Nb1 Be7 14. a3 Bf6 15. O-O h5 16. Rd1 g5 17. Bf1 g4 18.
Kh1 Rhg8 19. Bb2 gxh3 20. g3 h4 21. gxh4 Nf4 22. b5 Ne7 23. Bc1 Neg6 24. h5 Nxh5 25.
Bxh3 Ne7 26. Be3 b6 27. a4 Bg5 28. Bxg5 Rxg5 29. a5 Nf4 30. axb6 Rh8 0-1

[Event "Late-Titled-Tuesday-Blitz-June-04-2024"]
[Site "Chess.com"]
[Date "2024.06.04"]
[Round "7"]
[White "The_Straightforward_Rook"]
[Black "YellowJacek"]
[Result "1-0"]
[WhiteElo "2539"]
[BlackElo "2384"]
[TimeControl "180+1"]
[EndTime "15:12:40 PDT"]
[Termination "The_Straightforward_Rook won by resignation"]

1. d4 Nf6 2. c4 g6 3. Nc3 d5 4.
cxd5 Nxd5 5. e4 Nxc3 6. bxc3 Bg7 7. Nf3 c5 8. Bb5+ Nc6 9. O-O O-O 10. Be3 Bg4 11. Bxc6 bxc6 12. h3 Bxf3 13. Qxf3 cxd4 14.
cxd4 Bxd4 15. Rfd1 Bxa1 16. Rxd8 Rfxd8 17. h4 Bd4 18. h5 Bxe3 19. Qxe3 Rac8 20. Qc5 Rd7 21. h6 f6 22. g4 g5 23. Qc4+ Kf8 24. Qc5 Rb7 25. Qf5 Rcc7 26. Qxh7 Ke8 27. Qg8+ 1-0

[Event "Late-Titled-Tuesday-Blitz-June-04-2024"]
[Site "Chess.com"]
[Date "2024.06.04"]
[Round "7"]
[White "ENajer77"]
[Black "dropstoneDP"]
[Result "1/2-1/2"]
[WhiteElo "2864"]
[BlackElo "2962"]
[TimeControl "180+1"]
[EndTime "15:13:02 PDT"]
[Termination "Game drawn by repetition"]

1. d4 Nf6 2. c4 g6 3. Nc3 d5 4. cxd5 Nxd5 5. e4 Nxc3 6. bxc3 Bg7 7. Bb5+ c6 8. Ba4 O-O 9. Nf3 c5 10. O-O cxd4 11. cxd4 Bg4 12. Be3 Nc6 13. Bxc6 bxc6 14. Rc1 Bxf3 15. Qxf3 Bxd4 16. Rxc6 Bxe3 17. Qxe3 Qd7 18.
Ra6 Rfd8 19. h4 Qd4 20. Qxd4 Rxd4 21. f3 Rb8 22. Rf2 Rd7 23. Rc2 Rb6 24. Ra5 h5 25.
Kf2 Kg7 26. Ke3 a6 27. g3 Rbd6 28. Rc3 Rb6 29. Rb3 Rxb3+ 30. axb3 Rb7 31. Ra3 Rb6 32. Kd4 Rd6+ 33. Kc4 Rc6+ 34. Kd4 Rd6+ 35. Kc4 Rc6+ 36. Kd4 Rd6+ 1/2-1/2

[Event "Late-Titled-Tuesday-Blitz-June-04-2024"]
[Site "Chess.com"]
[Date "2024.06.04"]
[Round "7"]
[White "Rital44"]
[Black "AustinThomas12345"]
[Result "1-0"]
[WhiteElo "2693"]
[BlackElo "2479"]
[TimeControl "180+1"]
[EndTime "15:13:03 PDT"]
[Termination "Rital44 won by checkmate"]

1. d4 Nf6 2. Nc3 d5 3. Bf4 e6 4.
e3 Bd6 5. Nf3 c5 6. Ne5 cxd4 7.
exd4 O-O 8. g4 Ne4 9. Bd3 Nxc3 10. bxc3 f6 11. Bxh7+ Kxh7 12. Qd3+ Kg8 13. Ng6 Bxf4 14.
Nxf4 e5 15. Ng6 Re8 16. Qh3 exd4+ 17. Kf1 Nc6 18. Qh8+ Kf7 19. Qh5 Kg8 20. g5 Bf5 21. Rg1 Bxg6 22. Qxg6 Ne5 23. Qh5 Rf8 24. g6 Nxg6 25.
Qxg6 Qe8 26. Qxg7# 1-0

[Event "Late-Titled-Tuesday-Blitz-June-04-2024"]
[Site "Chess.com"]
[Date "2024.06.04"]
[Round "7"]
[White "VirtualCoach"]
[Black "Heinza9"]
[Result "1-0"]
[WhiteElo "2226"]
[BlackElo "2334"]
[TimeControl "180+1"]
[EndTime "15:13:04 PDT"]
[Termination "VirtualCoach won by checkmate"]

1. e4 e6 2. d4 d5 3. Nc3 Nf6 4. e5 Nfd7 5. f4 c5 6. Nf3 Nc6 7. Be3 a6 8. Be2 b5 9. O-O Bb7 10. Bf2 Qb6 11. a3 cxd4 12. Nxd4 Nxd4 13. Bxd4 Bc5 14. Bxc5 Nxc5 15. Kh1 g6 16. Qd4 Nd7 17. Qxb6 Nxb6 18. a4 b4 19. Na2 a5 20. c3 bxc3 21.
Nxc3 Ke7 22. Nb5 Ba6 23. Rfc1 Bxb5 24. Bxb5 Rhc8 25. Bc6 Rab8 26. b3 Na8 27. Bb5 Nc7 28.
Bf1 Rb4 29. Ba6 Nxa6 30. Rxc8 Rxf4 31. Rac1 f6 32. Ra8 Nb4 33. Rc7# 1-0

[Event "Late-Titled-Tuesday-Blitz-June-04-2024"]
[Site "Chess.com"]
[Date "2024.06.04"]
[Round "7"]
[White "Timurist"]
[Black "meme0105"]
[Result "1-0"]
[WhiteElo "2349"]
[BlackElo "1918"]
[TimeControl "180+1"]
[EndTime "15:13:06 PDT"]
[Termination "Timurist won by resignation"]

1. e4 c6 2. d4 d5 3. exd5 cxd5 4.
Bd3 Nc6 5. c3 Nf6 6. Bf4 g6 7.
Nd2 Bg7 8. Ngf3 Nh5 9. Be5 Nxe5 10.
Nxe5 f6 11. Nxg6 hxg6 12. Bxg6+ Kf8 13. Bxh5 Qb6 14. Nb3 e5 15. dxe5 fxe5 16. Qf3+ Bf6 17. Bg4 e4 18. Qe2 Rg8 19. h3 a5 20. Rd1 a4 21.
Nd4 Bxg4 22. hxg4 Rc8 23. Rh5 Qa5 24. Ne6+ Ke7 25. Rhxd5 Bxc3+ 26. Kf1 Qa6 27. Qxa6 bxa6 28. bxc3 Kxe6 29. R5d4 Rxg4 30. Re1 Rxc3 31. Rexe4+ Rxe4 32. Rxe4+ Kd5 33. Rxa4 Rc6 1-0

[Event "Late-Titled-Tuesday-Blitz-June-04-2024"]
[Site "Chess.com"]
[Date "2024.06.04"]
[Round "7"]
[White "Walter_White_Poland"]
[Black "McCarthyStone"]
[Result "0-1"]
[WhiteElo "2377"]
[BlackElo "2457"]
[TimeControl "180+1"]
[EndTime "15:13:06 PDT"]
[Termination "McCarthyStone won by checkmate"]

1. e4 e5 2. Nf3 d6 3. d4 exd4 4. Nxd4 Nf6 5. Nc3 g6 6. Be2 Bg7 7. h4 O-O 8. h5 Re8 9. hxg6 hxg6 10. Bh6 Bxh6 11. Rxh6 Nxe4 12. Nxe4 Rxe4 13. Qd3 Rh4 14. Rxh4 Qxh4 15. O-O-O Nc6 16. Nxc6 bxc6 17. g3 Qb4 18. c3 Qa4 19. Rh1 Bf5 20. Qd4 Qc2# 0-1

[Event "Late-Titled-Tuesday-Blitz-June-04-2024"]
[Site "Chess.com"]
[Date "2024.06.04"]
[Round "7"]
[White "Marielchessy"]
[Black "dolynachess"]
[Result "0-1"]
[WhiteElo "2337"]
[BlackElo "2512"]
[TimeControl "180+1"]
[EndTime "15:13:07 PDT"]
[Termination "dolynachess won by resignation"]

1. e4 c5 2. Nf3 d6 3. d4 cxd4 4. Nxd4 Nf6 5. Nc3 g6 6. Be3 Nc6 7. f3 h5 8. Qd2 Nxd4 9. Bxd4 Bh6 10. Be3 Bxe3 11. Qxe3 Be6 12. O-O-O Qa5 13. Kb1 Rc8 14. a3 h4 15. Bb5+ Kf8 16. Be2 Rh5 17. f4 Rhc5 18. f5 gxf5 19. Qh6+ Ke8 20. exf5 Bxf5 21. Qxh4 Rxc3 22.
bxc3 Qxc3 23. Bb5+ Kd8 24. Ba4 Rc4 25. Qh8+ Kc7 0-1

[Event "Late-Titled-Tuesday-Blitz-June-04-2024"]
[Site "Chess.com"]
[Date "2024.06.04"]
[Round "7"]
[White "grzechu96"]
[Black "manitodeplomo"]
[Result "0-1"]
[WhiteElo "2786"]
[BlackElo "2635"]
[TimeControl "180+1"]
[EndTime "15:13:11 PDT"]
[Termination "manitodeplomo won by resignation"]

1. e4 c5 2. Nf3 e6 3. d4 cxd4 4. Nxd4 a6 5. a3 Nf6 6. Nc3 d6 7. Be3 b5 8. f3 Bb7 9. Qd2 Nbd7 10. g4 h6 11. O-O-O Rc8 12. h4 d5 13. exd5 Nxd5 14. Nxd5 Bxd5 15. Rh3 Be7 16. Nf5 Bf8 17.
Bd4 f6 18. Re1 Kf7 19. Ne3 Bb7 20. g5 Nc5 21. gxf6 Nb3+ 0-1

[Event "Late-Titled-Tuesday-Blitz-June-04-2024"]
[Site "Chess.com"]
[Date "2024.06.04"]
[Round "7"]
[White "TERMINATOR_PC"]
[Black "kalxandria"]
[Result "1-0"]
[WhiteElo "2591"]
[BlackElo "2226"]
[TimeControl "180+1"]
[EndTime "15:13:15 PDT"]
[Termination "TERMINATOR_PC won by resignation"]

1. c4 e5 2. Nc3 Nc6 3. g3 g6 4. Bg2 Bg7 5. e3 h5 6. h3 d6 7.
d3 Nge7 8. Nge2 h4 9. g4 f5 10. gxf5 gxf5 11. Qa4 Be6 12. Bd2 Qd7 13. O-O-O O-O-O 14. d4 exd4 15. exd4 d5 16. Nf4 dxc4 17. d5 Ne5 18. Qxa7 1-0

[Event "Late-Titled-Tuesday-Blitz-June-04-2024"]
[Site "Chess.com"]
[Date "2024.06.04"]
[Round "7"]
[White "nihalsarin"]
[Black "mac0504"]
[Result "1-0"]
[WhiteElo "3226"]
[BlackElo "2776"]
[TimeControl "180+1"]
[EndTime "15:13:16 PDT"]
[Termination "nihalsarin won on time"]

1. g4 c5 2. h3 Nc6 3. Bg2 d5 4. c4 d4 5. Bxc6+ bxc6 6. d3 h5 7. g5 e5 8. Nf3 Bd6 9. Qa4 Qc7 10. Nbd2 Ne7 11. Ne4 Ng6 12. Bd2 a5 13. Kd1 h4 14.
Kc2 Bf5 15. Rag1 O-O 16. Rg4 Bxg4 17. hxg4 Rfb8 18. Nxh4 Nxh4 19. Rxh4 Be7 20. Kc1 Qb7 21. Qc2 a4 22. Kb1 Ra6 23. Bc1 Rb6 24. Ka1 Rb3 25. e3 Qb4 26. Rh1 Bd8 27. f4 exf4 28. exf4 Kf8 29.
f5 Ke8 30. Qh2 Rxd3 31. Qd6 1-0

[Event "Late-Titled-Tuesday-Blitz-June-04-2024"]
[Site "Chess.com"]
[Date "2024.06.04"]
[Round "7"]
[White "rionelG"]
[Black "HajiyevKanan"]
[Result "0-1"]
[WhiteElo "2316"]
[BlackElo "2522"]
[TimeControl "180+1"]
[EndTime "15:13:29 PDT"]
[Termination "HajiyevKanan won by resignation"]

1. e4 c6 2. d4 d5 3. Nc3 a6 4.
h3 h6 5. Nf3 b5 6. a3 e6 7. exd5 cxd5 8. Bd3 Nc6 9. Ne2 Bd6 10.
c3 Nf6 11. O-O Qc7 12. Re1 Bb7 13. Bd2 Na5 14. b3 O-O 15. Qc1 Nxb3 16. Qb2 Nxa1 17. Rxa1 Ne4 18. Be3 f5 19. g4 Rac8 20. gxf5 exf5 21.
Kh1 f4 22. Bxe4 dxe4 23. Rg1 exf3 24. Qc2 fxe2+ 25. Kh2 fxe3+ 0-1

[Event "Late-Titled-Tuesday-Blitz-June-04-2024"]
[Site "Chess.com"]
[Date "2024.06.04"]
[Round "7"]
[White "Der_Balak_3Halak"]
[Black "GlavkonVVS"]
[Result "0-1"]
[WhiteElo "2391"]
[BlackElo "2551"]
[TimeControl "180+1"]
[EndTime "15:13:37 PDT"]
[Termination "GlavkonVVS won by resignation"]

1. e4 Nf6 2. e5 Nd5 3. c4 Nb6 4. c5 Nd5 5. Bc4 e6 6. d4 b6 7. cxb6 axb6 8. Bxd5 exd5 9. Nc3 c6 10. Nf3 Be7 11.
O-O Na6 12. Re1 Nc7 13. Qd3 Ne6 14. Ne2 Ba6 15. Qc2 Bxe2 16. Qxe2 Ra4 17. Be3 Qa8 18. b3 Ra3 19. Qd2 Qa5 20. Qc2 O-O 21.
Red1 Ra8 22. Rd2 Qb4 23. Qb2 Qxb3 24. h3 Qxb2 25. Rxb2 b5 26. Nd2 f6 27. f4 Rxe3 0-1

[Event "Late-Titled-Tuesday-Blitz-June-04-2024"]
[Site "Chess.com"]
[Date "2024.06.04"]
[Round "7"]
[White "rdarruda"]
[Black "MarceloPlaya"]
[Result "0-1"]
[WhiteElo "2508"]
[BlackElo "2370"]
[TimeControl "180+1"]
[EndTime "15:13:38 PDT"]
[Termination "MarceloPlaya won by resignation"]

1. Nf3 e6 2. d4 Nf6 3. g3 d5 4.
Bg2 c5 5. O-O Nc6 6. c4 cxd4 7.
Nxd4 Bc5 8. Nb3 Bb6 9. Nc3 dxc4 10. Nd2 Ne5 11. Qa4+ Bd7 12. Qa3 Qc7 13. Nde4 Nxe4 14. Nxe4 O-O-O 15. Bf4 Bc6 16. Rac1 f5 17. Ng5 Bxg2 18.
Nxe6 Qd6 19. Qxd6 Rxd6 20. Bxe5 Rxe6 21. Rxc4+ Bc6 22. Bxg7 Rg8 0-1

[Event "Late-Titled-Tuesday-Blitz-June-04-2024"]
[Site "Chess.com"]
[Date "2024.06.04"]
[Round "7"]
[White "CMmauricio"]
[Black "djano"]
[Result "0-1"]
[WhiteElo "2771"]
[BlackElo "2627"]
[TimeControl "180+1"]
[EndTime "15:13:43 PDT"]
[Termination "djano won by resignation"]

1. f4 f5 2. Nf3 Nf6 3. e3 b6 4.
Be2 Bb7 5. O-O e6 6. d3 Be7 7.
Nc3 O-O 8. Qe1 Qe8 9. Bd1 c5 10. e4 fxe4 11. dxe4 d5 12. Ng5 d4 13. Nb1 Bd8 14. Nd2 h6 15. Ngf3 Nbd7 16. c3 dxc3 17. bxc3 Bc7 18. g3 Rd8 19. Bb3 Kh8 20. c4 Nb8 21. Bb2 Nc6 22. Rd1 Nd4 23. Nxd4 cxd4 24. Qe2 Qg6 25. Rfe1 Bxf4 26. Bc2 Be3+ 27. Kg2 Nxe4 28.
Nxe4 Bxe4+ 29. Bxe4 Qxe4+ 30. Kh3 e5 31. Qg4 Qxg4+ 32. Kxg4 Rf2 33. Ba1 Rdf8 34. h4 g6 35. h5 Rh2 0-1

[Event "Late-Titled-Tuesday-Blitz-June-04-2024"]
[Site "Chess.com"]
[Date "2024.06.04"]
[Round "7"]
[White "destroyer305"]
[Black "nabukatnezarr"]
[Result "0-1"]
[WhiteElo "2439"]
[BlackElo "2584"]
[TimeControl "180+1"]
[EndTime "15:13:49 PDT"]
[Termination "nabukatnezarr won by resignation"]

1. e4 c6 2. d4 d5 3. exd5 cxd5 4.
Bd3 Nc6 5. c3 Nf6 6. Bf4 Bg4 7.
Qb3 e5 8. dxe5 Qe7 9. Ne2 Nxe5 10. Bxe5 Qxe5 11. Qxb7 Rd8 12. O-O Bd6 13. Ng3 O-O 14.
Na3 Rb8 15. Qxa7 Rxb2 16. Nb5 Bb8 17. Qd4 Qg5 18. c4 Be5 19. Qe3 Qxe3 20. fxe3 Rd2 21. Bf5 Bxa1 0-1

[Event "Late-Titled-Tuesday-Blitz-June-04-2024"]
[Site "Chess.com"]
[Date "2024.06.04"]
[Round "7"]
[White "shirovin"]
[Black "MNyuyu"]
[Result "0-1"]
[WhiteElo "2085"]
[BlackElo "2405"]
[TimeControl "180+1"]
[EndTime "15:13:50 PDT"]
[Termination "MNyuyu won on time"]

1. e4 d5 2. exd5 Qxd5 3. Nc3 Qd8 4. d4 c6 5. Bc4 Bf5 6. Nf3 e6 7. Ne5 Nd7 8. Qe2 Nxe5 9. dxe5 Bb4 10. Bd2 Bxc2 11. a3 Ba5 12. Rc1 Bg6 13. O-O Ne7 14. Rfd1 O-O 15. Bg5 Qc7 16. b4 Bb6 17. Ne4 Bxe4 18.
Qxe4 Ng6 19. Rd6 a5 20. b5 h6 21. Bf4 Bc5 22. bxc6 Bxd6 23. exd6 Qxc6 24. Qd3 Nxf4 0-1

[Event "Late-Titled-Tuesday-Blitz-June-04-2024"]
[Site "Chess.com"]
[Date "2024.06.04"]
[Round "7"]
[White "jk13"]
[Black "Cambek64"]
[Result "1-0"]
[WhiteElo "2674"]
[BlackElo "2527"]
[TimeControl "180+1"]
[EndTime "15:13:56 PDT"]
[Termination "jk13 won by resignation"]

1. e4 e6 2. d3 d5 3. Qe2 Nf6 4. Nf3 c5 5. g3 Nc6 6. Bg2 Be7 7. O-O O-O 8. e5 Nd7 9. c4 Nb6 10. Nc3 dxc4 11. dxc4 Nd4 12. Qe4 Nxc4 13. Rd1 Nxf3+ 14. Bxf3 Qc7 15. Qxc4 a6 16. Bf4 b5 17. Qe2 Bb7 18.
Bxb7 Qxb7 19. h4 Rfd8 20. Bg5 c4 21. Bxe7 Qxe7 22. Ne4 Rd5 23. Rxd5 exd5 24. Nd6 f6 25. Rd1 Qe6 26. Qf3 fxe5 27. Qxd5 Qxd5 28. Rxd5 Rd8 29.
Rd2 Kf8 30. Nxc4 1-0

[Event "Late-Titled-Tuesday-Blitz-June-04-2024"]
[Site "Chess.com"]
[Date "2024.06.04"]
[Round "7"]
[White "Navyblue1"]
[Black "maurovargas01"]
[Result "1-0"]
[WhiteElo "2199"]
[BlackElo "1912"]
[TimeControl "180+1"]
[EndTime "15:13:57 PDT"]
[Termination "Navyblue1 won by checkmate"]

1. d4 d5 2. c4 e6 3. Nc3 c6 4. Nf3 dxc4 5. a4 Bb4 6. Ne5 b5 7. e3 Bb7 8. Qh5 g6 9. Qf3 f6 10. Nxg6 hxg6 11. Qe4 Kf7 12. Bd2 Qc7 13. h3 Nd7 14.
Qg4 a6 15. Be2 Ne7 16. O-O c5 17. axb5 Bxc3 18. b6 Qxb6 19. Bxc3 f5 20. Qg5 Rh5 21. Bxh5 gxh5 22. Qxh5+ Ng6 23. Qh7+ Ke8 24. Qxg6+ Ke7 25. dxc5 Qc6 26. Qg7+ Kd8 27. Rfd1 Kc7 28. Be5+ Kc8 29.
Qg8+ Nf8 30. Qxf8+ Qe8 31. Qxe8# 1-0

[Event "Late-Titled-Tuesday-Blitz-June-04-2024"]
[Site "Chess.com"]
[Date "2024.06.04"]
[Round "7"]
[White "Zampronha1971"]
[Black "sammartin99"]
[Result "1-0"]
[WhiteElo "2414"]
[BlackElo "2289"]
[TimeControl "180+1"]
[EndTime "15:14:08 PDT"]
[Termination "Zampronha1971 won by resignation"]

1. e4 e6 2. d4 d5 3. Nc3 dxe4 4. Nxe4 Nd7 5. Nf3 Ngf6 6. Bd3 c5 7. Nxf6+ Nxf6 8.
c3 Be7 9. O-O O-O 10. Qe2 b6 11. dxc5 Bxc5 12. Rd1 Qc7 13. Bg5 Bb7 14. Bxf6 gxf6 15.
Be4 Rad8 16. Bxb7 Qxb7 17. Rd3 Qa6 18. Nd4 Kh8 19. Qf3 Bxd4 20. Rxd4 f5 21. Qd1 Qc8 22. Qd2 Rxd4 23. Qxd4+ f6 24. Rd1 Qa6 25. Qd6 Qc8 26. Qe7 Qe8 27. Qxa7 1-0

[Event "Late-Titled-Tuesday-Blitz-June-04-2024"]
[Site "Chess.com"]
[Date "2024.06.04"]
[Round "7"]
[White "SoCalJuniorChess"]
[Black "azzbrn"]
[Result "0-1"]
[WhiteElo "2217"]
[BlackElo "2514"]
[TimeControl "180+1"]
[EndTime "15:14:09 PDT"]
[Termination "azzbrn won by resignation"]

1. d4 Nf6 2. Nc3 d5 3. Bf4 c5 4. e4 Nxe4 5. Nxe4 dxe4 6. dxc5 Qa5+ 7. Qd2 Qxc5 8. O-O-O Nc6 9. f3 e5 10. Bg5 Bf5 11.
fxe4 Bg4 12. Nf3 f6 13. h3 Be6 14. Be3 Qb4 15. Qxb4 Bxb4 16. Bb5 O-O 17. Bxc6 bxc6 18.
c3 Be7 19. Rd2 a5 20. g4 Bxa2 21. Rd7 Rfe8 22. g5 Be6 23. Rc7 Rac8 24. Ra7 Ra8 25. Rc7 f5 26. Nxe5 Bd6 27. Rxc6 Bxe5 28. exf5 Bd5 0-1

[Event "Late-Titled-Tuesday-Blitz-June-04-2024"]
[Site "Chess.com"]
[Date "2024.06.04"]
[Round "7"]
[White "egnfanclub"]
[Black "simaopdias"]
[Result "1-0"]
[WhiteElo "2359"]
[BlackElo "2219"]
[TimeControl "180+1"]
[EndTime "15:14:11 PDT"]
[Termination "egnfanclub won by resignation"]

1. e4 c5 2. Nc3 g6 3. f4 Nc6 4. Nf3 Bg7 5. Bc4 e6 6. f5 exf5 7. d3 fxe4 8. dxe4 Nd4 9. O-O Ne7 10. Bxf7+ Kxf7 11. Nxd4+ Kg8 12. Ndb5 d5 13. Nxd5 Nxd5 14. exd5 a6 15. d6 Be6 16. Nc7 Bd4+ 17.
Kh1 Qxd6 18. Nxa8 Kg7 19. Bf4 Qc6 20. Nc7 Bf5 21. c3 Bf6 22. Nd5 Rd8 23. c4 b5 24.
b3 bxc4 25. bxc4 Bxa1 26. Qxa1+ Kf7 27. Bh6 Rd6 28. Qg7+ 1-0

[Event "Late-Titled-Tuesday-Blitz-June-04-2024"]
[Site "Chess.com"]
[Date "2024.06.04"]
[Round "7"]
[White "Pig-filth"]
[Black "A4RookA3"]
[Result "1-0"]
[WhiteElo "2331"]
[BlackElo "2489"]
[TimeControl "180+1"]
[EndTime "15:14:12 PDT"]
[Termination "Pig-filth won by resignation"]

1. d4 Nf6 2. Bg5 d5 3. Bxf6 gxf6 4. e3 c5 5. Nc3 Nc6 6. Qh5 cxd4 7. exd4 e6 8. Bb5 Bb4 9. Ne2 Qb6 10. O-O Bxc3 11. Nxc3 Qxd4 12. Rfe1 Kd8 13. Qxf7 Bd7 14. Nxd5 exd5 15.
Rad1 Qb4 16. Qxd5 Kc7 17. Qxd7+ Kb6 18. Bxc6 bxc6 19. Re7 Rhc8 20. Rd4 Qc5 21. Qb7+ Ka5 22. b4+ 1-0

[Event "Late-Titled-Tuesday-Blitz-June-04-2024"]
[Site "Chess.com"]
[Date "2024.06.04"]
[Round "7"]
[White "wonderfultime"]
[Black "Kirill_Klukin"]
[Result "0-1"]
[WhiteElo "3031"]
[BlackElo "2843"]
[TimeControl "180+1"]
[EndTime "15:14:13 PDT"]
[Termination "Kirill_Klukin won by resignation"]

1. d4 d5 2. Nf3 e6 3. Bf4 Bd6 4. e3 Nf6 5. Nbd2 b6 6. c3 Bb7 7.
Bd3 O-O 8. O-O c5 9. Ne5 Nc6 10. Qf3 Qc7 11. Nxc6 Bxc6 12. Rfe1 e5 13. dxe5 Bxe5 14.
Bxe5 Qxe5 15. Rad1 Rfe8 16. Nf1 Rad8 17. Ng3 g6 18. h3 Kg7 19. Bc2 h5 20. Bb3 Rd6 21.
Ne2 Ne4 22. Qf4 Qe7 23. f3 Rf6 24. Qh2 Nf2 25. Kxf2 Qxe3+ 26. Kf1 Bb5 27. Qc7 Bxe2+ 28. Rxe2 Qxe2+ 29. Kg1 Re7 30. Qg3 c4 0-1

[Event "Late-Titled-Tuesday-Blitz-June-04-2024"]
[Site "Chess.com"]
[Date "2024.06.04"]
[Round "7"]
[White "protectiago"]
[Black "AndresDelgado77"]
[Result "0-1"]
[WhiteElo "2133"]
[BlackElo "2355"]
[TimeControl "180+1"]
[EndTime "15:14:13 PDT"]
[Termination "AndresDelgado77 won on time"]

1. d4 Nf6 2. c4 e5 3. dxe5 Ng4 4. Bf4 g5 5. Bg3 Bg7 6. Nf3 Nc6 7. e3 Ngxe5 8. Nxe5 Nxe5 9. Nc3 d6 10. Be2 Be6 11. Nd5 c6 12. Qa4 b5 13. Qa6 Bc8 14. Qa3 cxd5 15.
cxb5 O-O 16. O-O h5 17. Rad1 h4 18. Bxe5 dxe5 19. Bf3 Be6 20. e4 d4 21. Qb4 Qb6 22. a4 a6 23. Qd2 axb5 24. Qxg5 bxa4 25. Qxh4 Qxb2 26. Rd3 Bc4 0-1

[Event "Late-Titled-Tuesday-Blitz-June-04-2024"]
[Site "Chess.com"]
[Date "2024.06.04"]
[Round "7"]
[White "maximnovik"]
[Black "KVAIDAN"]
[Result "1-0"]
[WhiteElo "2499"]
[BlackElo "2350"]
[TimeControl "180+1"]
[EndTime "15:14:17 PDT"]
[Termination "maximnovik won by checkmate"]

1. e4 e5 2. Nf3 d5 3. d4 dxe4 4.
Nxe5 Bd6 5. Nc4 Nf6 6. Nxd6+ Qxd6 7. Be2 Nc6 8. c3 Nd5 9. Na3 a6 10. Nc4 Qg6 11. g3 Bh3 12. Ne3 O-O-O 13. Nxd5 Rxd5 14. Be3 f5 15. Qb3 Rdd8 16. O-O-O Qf6 17. Rd2 g5 18. d5 Ne5 19. Bd4 f4 20. gxf4 gxf4 21. c4 Rhe8 22.
Qxh3+ Kb8 23. Qc3 Qg5 24. Kb1 f3 25. Bd1 Ng4 26. Ba4 e3 27. fxe3 Rf8 28. h4 Qg6+ 29. Bc2 Qh5 30. e4 f2 31. Rf1 Qxh4 32. a4 h5 33. e5 Rf4 34. e6 Nh2 35. Rfxf2 Rxf2 36. Rxf2 Ng4 37. Rf7 Qh1+ 38. Ka2 h4 39. Be5 h3 40. Bxc7+ Ka8 41. Bxd8 h2 42. Rf8 Ka7 43. Qd4+ b6 44. Qxb6+ Ka8 45. Bc7# 1-0

[Event "Late-Titled-Tuesday-Blitz-June-04-2024"]
[Site "Chess.com"]
[Date "2024.06.04"]
[Round "7"]
[White "osielchesslover2011"]
[Black "Attacker_2006"]
[Result "0-1"]
[WhiteElo "2223"]
[BlackElo "2496"]
[TimeControl "180+1"]
[EndTime "15:14:21 PDT"]
[Termination "Attacker_2006 won on time"]

1. e4 e5 2. Nf3 Nc6 3. Bc4 Nf6 4. d4 exd4 5. O-O d6 6. c3 dxc3 7. Nxc3 Bg4 8. Bg5 Be7 9. Bxf6 Bxf6 10. Nd5 Ne5 11. Be2 c6 12. Nxe5 Bxe2 13. Qxe2 Bxe5 14. Ne3 O-O 15. Rad1 Qc7 16. f4 Bf6 17. Nc4 Rad8 18. e5 dxe5 19. fxe5 Be7 20. e6 f6 21. Kh1 b5 22. Nd2 Rfe8 0-1

[Event "Late-Titled-Tuesday-Blitz-June-04-2024"]
[Site "Chess.com"]
[Date "2024.06.04"]
[Round "7"]
[White "rezamahdavi2008"]
[Black "IlyaGrigorjev"]
[Result "0-1"]
[WhiteElo "2942"]
[BlackElo "2874"]
[TimeControl "180+1"]
[EndTime "15:14:32 PDT"]
[Termination "IlyaGrigorjev won by resignation"]

1. e4 e5 2. Nf3 Nc6 3. Nc3 Nf6 4. d4 exd4 5. Nxd4 Bb4 6. Nxc6 bxc6 7. Bd3 d5 8. Bd2 O-O 9. O-O Re8 10. Nxd5 Nxd5 11. exd5 Bxd2 12. Qxd2 cxd5 13. Rfe1 Rxe1+ 14. Rxe1 Be6 15. b4 Qd6 16. Qc3 d4 17. Qb2 Rb8 18. b5 c5 19. a4 c4 20. Bf1 c3 21. Qc1 h6 22.
Bd3 Rc8 23. a5 Bc4 24. Qd1 Qc5 25. Bxc4 Qxc4 26. Qg4 d3 27. Qxc4 Rxc4 28. cxd3 Rb4 29. b6 axb6 30. a6 Ra4 31. Rc1 b5 32. Kf1 b4 33. Rb1 0-1

[Event "Late-Titled-Tuesday-Blitz-June-04-2024"]
[Site "Chess.com"]
[Date "2024.06.04"]
[Round "7"]
[White "katharinareinecke"]
[Black "Felix-Rose"]
[Result "1-0"]
[WhiteElo "1997"]
[BlackElo "2322"]
[TimeControl "180+1"]
[EndTime "15:14:32 PDT"]
[Termination "katharinareinecke won by resignation"]

1. e4 e5 2. Nc3 Nf6 3. f4 d5 4.
fxe5 Nxe4 5. Qf3 Nxc3 6. dxc3 Nc6 7. Bb5 a6 8. Bxc6+ bxc6 9. Ne2 Qh4+ 10. g3 Qg4 11.
O-O Qxf3 12. Rxf3 Be6 13. Nd4 Bd7 14. Bd2 Rb8 15. b3 g6 16. Raf1 c5 17. Ne2 Be6 18. Nf4 Bg4 19. R3f2 c6 20. h3 Bf5 21. g4 Bxc2 22. e6 f5 23. Ng2 Bg7 24. Bf4 Be4 25. Bxb8 O-O 26. Bd6 Re8 27. e7 c4 28. bxc4 dxc4 29.
gxf5 gxf5 30. Ne3 Bxc3 31. Nxf5 Bxf5 32. Rxf5 Bd4+ 1-0

[Event "Late-Titled-Tuesday-Blitz-June-04-2024"]
[Site "Chess.com"]
[Date "2024.06.04"]
[Round "7"]
[White "rhwr"]
[Black "PNEPaul"]
[Result "1-0"]
[WhiteElo "2283"]
[BlackElo "1926"]
[TimeControl "180+1"]
[EndTime "15:14:33 PDT"]
[Termination "rhwr won by checkmate"]

1. e4 e5 2. Nf3 Nc6 3. Bb5 f5 4. d3 Nf6 5. Nc3 Be7 6. O-O O-O 7.
Bxc6 dxc6 8. Nxe5 fxe4 9. dxe4 Bd6 10. f4 Qe8 11. Nf3 Bc5+ 12. Kh1 Ng4 13. Qe2 Nf2+ 14. Rxf2 Bxf2 15. Qxf2 Be6 16. f5 Bf7 17. Bf4 Qe7 18. Bg5 Qb4 19. Bd2 Qb6 20. Qh4 Rae8 21. Ng5 h6 22.
Nf3 Qa5 23. f6 Qh5 24. Qg3 g5 25. Qxc7 Be6 26. Qg7# 1-0

[Event "Late-Titled-Tuesday-Blitz-June-04-2024"]
[Site "Chess.com"]
[Date "2024.06.04"]
[Round "7"]
[White "konradrutkowski"]
[Black "oskariot"]
[Result "0-1"]
[WhiteElo "2544"]
[BlackElo "2693"]
[TimeControl "180+1"]
[EndTime "15:14:35 PDT"]
[Termination "oskariot won by resignation"]

1. e4 c5 2. Nf3 e6 3. d3 Nc6 4.
g3 d5 5. Qe2 Nge7 6. Bg2 g6 7.
O-O Bg7 8. Re1 b6 9. h4 h6 10. e5 Ba6 11. Bf4 Nf5 12. c3 Bf8 13. Nbd2 Be7 14. g4 Nxh4 15. a3 h5 16. Nxh4 Bxh4 17. b4 hxg4 18. c4 Nd4 19. Qxg4 Bb7 20. bxc5 Nc2 21.
cxb6 Nxa1 22. Rxa1 Qxb6 23. Be3 Qd8 24. Rb1 Rb8 25.
Bxa7 Ra8 26. Rxb7 Rxa7 27. Rxa7 Bxf2+ 28. Kf1 Bxa7 29. cxd5 Qb6 30. Ne4 Qg1+ 31. Ke2 Rh2 32. Nf6+ Kd8 33. dxe6 Rxg2+ 0-1